 Dungeon Crawl Stone Soup version 0.27.0-1-g7a089689b8 (webtiles) character file.

Game seed: 16840663039366508909

2984 Demosthentine the Spear-Bearer (level 9, 0/72 HPs)
             Began as a Merfolk Gladiator on Aug 1, 2021.
             Was an Initiate of the Shining One.
             Shot with a sling bullet by Joseph (5 damage)
             ... on level 8 of the Dungeon.
             The game lasted 00:05:03 (5840 turns).

Demosthentine the Spear-Bearer (Merfolk Gladiator)  Turns: 5840, Time: 00:05:04

Health: 0/72       AC:  7    Str: 16    XL:     9   Next: 83%
Magic:  18/18      EV: 17    Int:  7    God:    the Shining One [......]
Gold:   427        SH:  0    Dex: 17    Spells: 8/8 levels left

rFire    + . .     SeeInvis .   a - +1 trident (spect)
rCold    + . .     Faith    .   (no shield)
rNeg     . . .     Spirit   .   i - +2 leather armour {rF+}
rPois    .         Reflect  .   c - +1 helmet
rElec    .         Harm     .   (no cloak)
rCorr    .         Rampage  .   (no gloves)
Will     .....                  (no boots)
Stlth    +.........             (no amulet)
HPRegen  0.22/turn              p - ring of protection from cold
MPRegen  0.16/turn              j - ring of magical power

@: hasted, glowing, very quick
A: (nimble swimmer 2), mertail
a: Renounce Religion


You were on level 8 of the Dungeon.
You worshipped the Shining One.
The Shining One was noncommittal.
You visited 2 branches of the dungeon, and saw 9 of its levels.

You collected 427 gold pieces.

Inventory:

Hand Weapons
 a - a +1 spectral trident (weapon)
Missiles
 d - 3 throwing nets (quivered)
Armour
 c - a +1 helmet (worn)
 i - a +2 leather armour of fire resistance (worn)
 n - a +0 buckler
Jewellery
 h - a +6 ring of intelligence
 j - a ring of magical power (right hand)
 p - a ring of protection from cold (left hand)
Wands
 q - a wand of flame (10)
Scrolls
 b - a scroll of fear
 l - 2 scrolls of fog
 m - 3 scrolls of enchant armour
 t - a scroll of silence {unknown}
 w - 3 scrolls of teleportation
Potions
 e - a potion of lignification
 f - 2 potions of might
 g - 3 potions of attraction
 k - a potion of haste
 r - a potion of magic
 s - a potion of cancellation {unknown}


   Skills:
 + Level 7.2 Fighting
 + Level 10.0 Polearms
 - Level 2.0 Throwing
 + Level 4.6 Armour
 + Level 9.2 Dodging
 - Level 4.0 Shields


You had 8 spell levels left.
You didn't know any spells.
Your spell library contained the following spells:

 Spells                   Type           Power      Damage    Failure   Level
 Magic Dart               Conj           0%         1d3       50%         1
 Searing Ray              Conj           0%         3d3       63%         2
 Slow                     Hex            0%         N/A       63%         2
 Confusing Touch          Hex            0%         N/A       86%         3
 Vampiric Draining        Necr           0%         2d6       86%         3
 Fulminant Prism          Conj/Hex       0%         3d6       99%         4


Dungeon Overview and Level Annotations

Branches:
Dungeon (8/15)             Temple (1/1) D:7
   Lair: D:8-11

Altars:
Cheibriados
Dithmenos
Elyvilon
Fedhas
Gozag
Hepliaklqana
Kikubaaqudgha
Makhleb
Okawaru
Qazlal
Ru
Trog
Uskayaw
Vehumet
Wu Jian
Xom
Yredelemnul
Zin
The Shining One

Shops:
D:2 =

Annotations:
D:8 Joseph


Innate Abilities, Weirdness & Mutations

((You are quick and stealthy near water. (Stealth+, EV+, Speed+++)))
Your lower body shifts to a powerful aquatic tail in water.


Message History

The ice beast is severely wounded.
Your spectral +1 spectral trident hits the ice beast.
The ice beast completely misses your spectral +1 spectral trident.
You hit the ice beast but do no damage.
The ice beast is severely wounded.
Your spectral +1 spectral trident hits the ice beast!
You kill the ice beast!
Your Polearms skill increases to level 10!
You swap places.
Joseph, a Mercenary comes into view.
He is wielding a +0 quarterstaff of distortion.
The orc wizard closely misses you.
Reach: a) +1 trident (spect)
Press: ? - help, Dir - move target, f - orc wizard
Aim: an orc wizard, wielding a +0 dagger and wearing a +0 robe (haloed, about 23% to evade your +1 spectral trident)
Okay, then.
Unknown command.
Joseph unwields a +0 quarterstaff of distortion.
Its appearance distorts for a moment.
Joseph wields a +0 vorpal hunting sling.
Joseph shoots a sling bullet.
The sling bullet hits you!
* * * LOW HITPOINT WARNING * * *
x2 The orc wizard points at you and mumbles some strange words.
The magic dart hits you.
* * * LOW HITPOINT WARNING * * *
You feel yourself speed up.
The orc wizard gestures at you while chanting.
You are confused.
Unknown command.
You feel better.
Unknown command.
Joseph shoots a sling bullet.
The sling bullet misses you.
Unknown command.
Unknown command.
Joseph says, "You will never get the ORB, sorry."
Joseph shoots a sling bullet.
The sling bullet hits you!
* * * LOW HITPOINT WARNING * * *
x2 You see here a +0 great sword.
Unknown command.
Joseph shoots a sling bullet.
The sling bullet hits you.
You die...

##..#...# .......# ##......#
###....#... #
#.....###.#######+## . ..
####.#.#...#..#...#...# #.#.
##.##.......#.##.......# #.#.#
##.....#.#.....##..#.....
#...##....o.)@.......##<......
##@..#......##...###.#.....##.
#..#..@......##..###.#........
#..........##...............
#....#......##..............
#...........##.............. .
#...............#...........
#.###.......##........###.......
#...........#.........#?#.......


You could see Joseph and an orc wizard.

Vanquished Creatures
  Maggie (D:8)
  Sigmund (D:4)
  2 water moccasins (D:8)
  2 orc warriors
  2 ice beasts
  3 black bears (D:8)
  A necrophage (D:6)
  4 ogres
  Blork the orc (D:6)
  2 bullfrogs (D:8)
  4 scorpions
  A wyvern zombie (D:8)
  A wyvern skeleton (D:7)
  3 howler monkeys
  A centaur zombie (D:8)
  2 jellies
  A gnoll shaman (D:8)
  5 orc priests
  A centaur skeleton (D:6)
  3 iguanas
  3 orc wizards
  A howler monkey zombie (D:6)
  2 adders (D:4)
  2 shadow imps
  An ufetubus (D:4)
  A worm (D:3)
  3 dart slugs
  18 orcs
  3 endoplasms
  5 giant cockroaches (D:1)
  A goblin (D:2)
  10 hobgoblins
  18 jackals
  7 kobolds
  3 quokkas
  7 ball pythons
  2 bats
  5 frilled lizards
  8 rats
141 creatures vanquished.

Vanquished Creatures (others)
  2 fungi (D:8)
  3 plants (D:8)
5 creatures vanquished.

Grand Total: 146 creatures vanquished

Notes
Turn   | Place    | Note
-------+----------+-------------------------------------------
     0 | D:1      | Demosthentine the Merfolk Gladiator began the quest for the
                  | Orb.
     0 | D:1      | Reached XP level 1. HP: 16/16 MP: 1/1
    73 | D:1      | Reached XP level 2. HP: 22/23 MP: 2/2
   451 | D:1      | Reached XP level 3. HP: 24/28 MP: 3/3
   828 | D:1      | Reached skill level 5 in Polearms
   987 | D:2      | Reached skill level 1 in Armour
  1342 | D:2      | Found Railaguph's Jewellery Boutique.
  1687 | D:3      | Reached XP level 4. HP: 35/35 MP: 4/4
  1727 | D:3      | Found a faded altar of an unknown god.
  2009 | D:3      | Reached skill level 5 in Dodging
  2009 | D:3      | Reached XP level 5. HP: 37/41 MP: 5/5
  2358 | D:4      | Noticed an ogre
  2363 | D:4      | Killed an ogre
  2364 | D:4      | Reached skill level 6 in Polearms
  2364 | D:4      | Reached XP level 6. HP: 48/48 MP: 6/6
  2703 | D:4      | Noticed Sigmund
  2713 | D:4      | Killed Sigmund
  2714 | D:4      | Reached skill level 7 in Polearms
  2714 | D:4      | Reached XP level 7. HP: 48/55 MP: 7/7
  2929 | D:5      | Entered Level 5 of the Dungeon
  3181 | D:5      | Reached skill level 1 in Shields
  3213 | D:5      | Reached skill level 5 in Fighting
  3784 | D:5      | Found a sacrificial altar of Ru.
  3909 | D:6      | Reached XP level 8. HP: 47/62 MP: 8/8
  4070 | D:6      | Found an ornate altar of the Wu Jian Council.
  4071 | D:6      | Found a stormy altar of Qazlal.
  4072 | D:6      | Noticed Blork the orc
  4073 | D:6      | Found a hazy altar of Hepliaklqana.
  4079 | D:6      | Killed Blork the orc
  4083 | D:6      | Found an opulent altar of Gozag.
  4086 | D:6      | Found a shimmering altar of Xom.
  4087 | D:6      | Found a hide-covered altar of Uskayaw.
  4090 | D:6      | Found an iron altar of Okawaru.
  4091 | D:6      | Found a shadowy altar of Dithmenos.
  4416 | D:6      | Reached skill level 8 in Polearms
  5004 | D:7      | Found a staircase to the Ecumenical Temple.
  5071 | Temple   | Entered the Ecumenical Temple
  5291 | Temple   | Became a worshipper of the Shining One
  5376 | D:7      | Reached XP level 9. HP: 69/69 MP: 9/9
  5588 | D:8      | Noticed Maggie
  5600 | D:8      | Killed Maggie
  5601 | D:8      | Reached skill level 9 in Polearms
  5828 | D:8      | Reached skill level 10 in Polearms
  5828 | D:8      | Noticed Joseph
  5840 | D:8      | Shot with a sling bullet by Joseph

Illustrated notes

Levels and vault maps discovered:
D:1:      amcnicky_arrival_blooded_trapdoor, layout_rooms,
          corexii_hall_statues_l, hex_tiny, st_stairs_7, grunt_decor_one_mirror,
          minmay_misc_feat_pillars
D:2:      layout_basic, serial_shops, shop
D:3:      layout_basic, chequers_ecumenical_altar_simple
D:4:      layout_basic, uniq_sigmund
D:5:      layout_loops_corners, nicolae_ru_the_path_less_chosen
D:6:      layout_loops_ring, minitemple, uniq_blork_the_orc
D:7:      layout_rooms, minmay_temple_entry_statues_pillars
D:8:      layout_cave_pools, grunt_lair_entry_orc_guard_hut, serial_glass,
          glass_columns_b, glass_columns_a, glass_columns_c, glass_columns_b,
          feat_on_display, item_on_display_b, minmay_strange_pillars,
          kennysheep_another_room, minmay_ruined_shrine, uniq_joseph,
          uniq_maggie, uniq_psyche
Temple:   eino_temple_lava

Skill      XL: |  1  2  3  4  5  6  7  8  9 |
---------------+----------------------------+-----
Polearms       | 5 6 7 8 10 | 10.0
Armour         | 1 2 3 4 |  4.6
Fighting       | 3 4 5 6 7 |  7.2
Dodging        | 5 6 8 9 |  9.2
Shields        | 1 3 4 |  4.0
Throwing       | |  2.0

Action                   |  1- 3 |  4- 6 |  7- 9 || total
-------------------------+-------+-------+-------++-------
Melee: Trident           |   134 |    66 |   143 ||   343
  Use: Scroll            |     5 |     3 |    10 ||    18
       Potion            |       |       |     3 ||     3
 Stab: Sleeping          |     3 |       |     1 ||     4
       Distracted        |       |     1 |     1 ||     2
Armor: Leather armour    |    32 |     6 |    19 ||    57
Dodge: Dodged            |    82 |    20 |    57 ||   159
